AoeStats
← Vanvanbman

Fortress

507879060Analyzed
4v4 RM · 12d ago on Sep 20, 2026· 51m 48s· 8 players
Game mode
Random Map
Map size
Huge
Population
200
Speed
Normal
Resources
Standard
Victory
Conquest
Starting age
Dark Age
Ending age
Imperial Age
RankedLock teamsTeams togetherTeam positionsShared explorationLock speedFull tech treeHidden civsTurbo modeCheats
Victory
Defeat
🇭🇳 Goths · Honduras
1117
+14
🇭🇳 Mapuche · Honduras
1058
+17
🇵🇪 Saracens · Peru
1031
+17
🇫🇷 Bohemians · France
1030
+18
🇨🇴 Koreans · Colombia
1111
-18
🇦🇺 Celts · Australia
1099
-18
🇦🇷 Franks · Argentina
1056
-16
🇺🇸 Burgundians · United States
1015
-14
Big Chungus
7:39 Feudal Age
8:10 Double-Bit Axe
8:07 Horse Collar
11:30 Loom
14:41 Castle Age
14:05 Gold Mining
17:06 Wheelbarrow
19:53 Heavy Plow
24:23 Forging
24:18 Scale Barding Armor
28:16 Bloodlines
28:52 Hand Cart
29:45 Husbandry
33:17 Imperial Age
32:00 Gold Shaft Mining
31:22 Stone Mining
32:44 Arson
33:35 Iron Casting
33:21 Chain Barding Armor
34:24 Conscription
33:25 Elite Mameluke
35:58 Light Cavalry
38:19 Blast Furnace
38:55 Hussar
50:31 Plate Barding Armor
Rhamlock
7:14 Feudal Age
11:20 Castle Age
11:00 Horse Collar
11:13 Double-Bit Axe
16:28 Loom
17:28 Bow Saw
21:48 Stone Mining
21:51 Gold Mining
26:04 Imperial Age
24:04 Scale Mail Armor
24:14 Forging
24:52 Squires
24:14 Man-at-Arms
25:04 Anarchy
24:55 Fletching
25:59 Wheelbarrow
25:09 Town Watch
26:29 Chain Mail Armor
26:51 Iron Casting
26:03 Man-at-Arms
27:18 Heavy Plow
28:33 Conscription
29:57 Elite Huskarl
32:17 Blast Furnace
35:13 Man-at-Arms
35:35 Pikeman
36:15 Halberdier
36:24 Long Swordsman
37:07 Two-Handed Swordsman
41:57 Champion
43:01 Perfusion
43:36 Crop Rotation
44:08 Two-Man Saw
48:16 Stone Mining
Guimad
8:43 Feudal Age
16:04 Castle Age
13:52 Loom
14:32 Fletching
14:42 Padded Archer Armor
14:41 Fletching
15:44 Double-Bit Axe
15:39 Horse Collar
18:14 Wheelbarrow
24:35 Fletching
25:06 Padded Archer Armor
25:33 Bodkin Arrow
28:03 Leather Archer Armor
28:11 Heavy Plow
28:21 Bow Saw
33:16 Imperial Age
33:38 Ballistics
34:25 Conscription
34:54 Coinage
35:13 Ring Archer Armor
38:18 Malon
40:26 Elite Bolas Rider
42:01 Butalmapu
43:16 Banking
43:19 Masonry
43:14 Siege Engineers
44:14 Chemistry
45:01 Caravan
Connectoo
7:11 Feudal Age
7:56 Double-Bit Axe
11:47 Castle Age
12:30 Wheelbarrow
11:43 Loom
11:45 Town Watch
15:36 Bow Saw
26:29 Imperial Age
24:49 Town Patrol
25:05 Hand Cart
28:08 Chemistry
28:30 Two-Man Saw
27:14 Horse Collar
30:43 Conscription
34:35 Pikeman
35:15 Squires
35:03 Arson
35:31 Forging
35:21 Scale Mail Armor
36:55 Houfnice
40:32 Elite Hussite Wagon
42:22 Siege Engineers
42:23 Halberdier
42:42 Man-at-Arms
43:43 Long Swordsman
45:05 Iron Casting
44:45 Chain Mail Armor
46:04 Halberdier
46:11 Two-Handed Swordsman
46:48 Champion
50:25 Blast Furnace
hotzmann
1:45 Double-Bit Axe
3:29 Horse Collar
8:29 Feudal Age
12:22 Castle Age
11:23 Bow Saw
13:18 Wheelbarrow
14:20 Heavy Plow
17:05 Gold Mining
17:59 Hand Cart
19:41 Town Watch
20:10 Loom
22:33 Scale Barding Armor
28:20 Imperial Age
26:50 Stone Mining
27:48 Padded Archer Armor
28:44 Elite Skirmisher
29:11 Onager
32:35 Leather Archer Armor
37:27 Chemistry
36:37 Masonry
38:27 Fletching
39:05 Ballistics
41:53 Two-Man Saw
42:08 Guilds
45:07 Pikeman
45:51 Scale Mail Armor
46:02 Forging
45:58 Halberdier
46:56 Chain Mail Armor
48:10 Chain Barding Armor
47:45 Cavalier
49:03 Husbandry
49:22 Squires
danielcv1112
8:13 Feudal Age
6:29 Loom
12:09 Castle Age
10:19 Double-Bit Axe
13:05 Horse Collar
14:26 Fletching
23:53 Bodkin Arrow
29:36 Imperial Age
29:21 Elite Skirmisher
30:28 Ballistics
30:59 Conscription
32:08 Chemistry
32:32 Thumb Ring
32:33 Bracer
40:39 Heavy Plow
41:09 Squires
40:30 Pikeman
41:13 Scale Mail Armor
41:26 Forging
44:57 Chain Mail Armor
Vanvanbman
6:43 Loom
10:36 Feudal Age
12:05 Horse Collar
12:13 Double-Bit Axe
12:21 Gold Mining
14:50 Castle Age
14:09 Town Watch
16:44 Bow Saw
17:17 Heavy Plow
23:23 Wheelbarrow
22:56 Arson
23:23 Forging
25:57 Iron Casting
27:53 Stronghold
28:59 Hand Cart
29:27 Fletching
29:39 Scale Mail Armor
33:08 Imperial Age
33:02 Chain Mail Armor
32:43 Bodkin Arrow
33:23 Elite Woad Raider
36:06 Plate Mail Armor
39:51 Blast Furnace
39:13 Stone Mining
43:47 Conscription
47:06 Padded Archer Armor
48:04 Leather Archer Armor
47:15 Elite Skirmisher
GonzaloMig
1:14 Loom
8:44 Feudal Age
13:07 Castle Age
12:02 Double-Bit Axe
13:51 Wheelbarrow
14:19 Bow Saw
19:10 Fervor
20:18 Stone Mining
20:19 Gold Mining
21:35 Hand Cart
25:24 Man-at-Arms
25:50 Gambesons
26:05 Squires
25:50 Arson
27:44 Gold Shaft Mining
30:24 Imperial Age
28:44 Town Watch
28:51 Fletching
29:01 Padded Archer Armor
29:28 Husbandry
29:31 Long Swordsman
29:32 Pikeman
30:14 Scale Mail Armor
30:24 Forging
30:20 Scale Barding Armor
31:04 Ballistics
30:40 Murder Holes
30:56 Masonry
31:29 Conscription
30:40 Two-Handed Swordsman
31:57 #83
31:41 Light Cavalry
33:00 Iron Casting
32:41 Chain Mail Armor
32:28 Cavalier
34:03 Sanctity
34:10 Illumination
34:01 Block Printing
35:24 Blast Furnace
34:46 Chain Barding Armor
34:23 Bodkin Arrow
35:23 Caravan
35:53 Coinage
35:27 Paladin
36:38 Plate Mail Armor
36:45 Plate Barding Armor
37:27 Leather Archer Armor
38:50 Architecture
39:24 Chemistry
38:16 Elite Throwing Axeman
41:17 Elite Skirmisher
41:17 Crossbowman
42:25 Herbal Medicine
43:43 Banking
Connection lost

Rejoining the realm…

Still unreachable

The connection could not be restored.

Session expired

The server has moved on; the page needs a fresh start.